 Dungeon Crawl Stone Soup version 0.31.0-12-g77e489cdc1 (webtiles) character file.

Game seed: 11104967588584074876

8442 spaghetti the Fighter (level 11, -20/92 HPs)
             Began as a Demonspawn Necromancer on Feb 23, 2024.
             Demolished by an ice devil (22 damage)
             ... summoned by a kobold demonologist
             ... on level 10 of the Dungeon.
             The game lasted 00:15:48 (11022 turns).

spaghetti the Fighter (Demonspawn Necromancer)     Turns: 11022, Time: 00:15:50

Health: -20/92     AC: 13    Str:  8    XL:     11   Next: 10%
Magic:  15/20      EV: 13    Int: 19    God:
Gold:   1341       SH:  0    Dex: 13    Spells: 12/22 levels left

rFire   . . .        z - +0 dagger (venom)
rCold   . . .        (no shield)
rNeg    . . .        i - +5 ring mail of the Blue Skies {+Blink +Inv rElec Will+}
rPois   .            (helmet restricted)
rElec   +            (no cloak)
rCorr   .            (no gloves)
SInv    .            (no boots)
Will    +....        f - amulet of magic regeneration
Stlth   +            g - ring of wizardry
HPRegen 0.35/turn    u - +4 ring of protection
MPRegen 0.57/turn

%: wizardry (x1)
@: animating dead, studying Polearms
A: antennae 2, repulsion field 2, foul stench 3, deformed body, weak 1
a: Evoke Blink, Evoke Invisibility


You were on level 10 of the Dungeon.
You visited 2 branches of the dungeon, and saw 11 of its levels.

You collected 1341 gold pieces.

Inventory:

Hand Weapons
 c - a +0 whip
 z - a +0 dagger of venom (weapon)
Missiles
 e - 2 throwing nets
Armour
 a - a +1 robe
 i - the +5 ring mail of the Blue Skies (worn) {+Blink +Inv rElec Will+}
   (You found it on level 5 of the Dungeon)

   rElec:     It insulates you from electricity.
   Will+:     It increases your willpower.
   +Inv:      It lets you turn invisible.
   +Blink:    It lets you blink.
 s - +0 steam dragon scales
Jewellery
 f - an amulet of magic regeneration (around neck)
 g - a ring of wizardry (left hand)
 m - a ring of poison resistance
 r - a ring of ice
 u - a +4 ring of protection (right hand)
Wands
 j - a wand of iceblast (25)
Scrolls
 h - a scroll of revelation
 l - 2 scrolls of torment
 t - 4 scrolls of noise
 v - 3 scrolls of teleportation
 w - a scroll of silence
 x - a scroll of fear
 y - a scroll of enchant armour
Potions
 b - 2 potions of magic
 d - 3 potions of curing
 k - 2 potions of cancellation
 n - 2 potions of degeneration
 o - 2 potions of haste
 p - a potion of attraction
 A - a potion of brilliance


   Skills:
 + Level 10.6 Fighting
 + Level 9.6 Armour
 - Level 1.7 Dodging
 - Level 1.7 Stealth
 - Level 6.0 Spellcasting
 - Level 8.1 Necromancy


You had 12 spell levels left.
You knew the following spells:

 Your Spells              Type           Power      Damage    Failure   Level
a - Necrotise             Necr           100%       1d9       1%          1
b - Vampiric Draining     Necr           36%        2d8       1%          3
c - Animate Dead          Necr           36%        N/A       4%          4
d - Blink                 Tloc           10%        N/A       16%         2

Your spell library contained the following spells:

 Spells                   Type           Power      Damage    Failure   Level
 Sting                    Conj/Alch      20%        1d4       11%         1
 Curse of Agony           Necr           36%        N/A       11%         5
 Lesser Beckoning         Tloc           10%        N/A       16%         2
 Mercury Vapours          Alch/Air       10%        N/A       16%         2
 Momentum Strike          Conj/Tloc      10%        3d8       16%         2
 Olgreb's Toxic Radiance  Alch           5%         N/A       69%         4


Dungeon Overview and Level Annotations

Branches:
Dungeon (10/15)            Temple (0/1) D:7             Orc (1/2) D:9
   Lair: D:8-11

Altars:
Ashenzari
Wu Jian

Shops:
D:3 (

Annotations:
D:4 Grinder
D:10 Urug


Innate Abilities, Weirdness & Mutations

You have a pair of antennae on your head.
You are surrounded by a moderate repulsion field. (EV +3)
You frequently emit foul miasma when damaged in melee.
Armour fits poorly on your strangely shaped body.
You are weak. (Str -2)


Message History

You emit a cloud of foul miasma!
Urug hits you with a +3 double sword of protection!!
You emit a cloud of foul miasma!
The ice devil hits you but does no damage.
Unknown command.
Unknown command.
Unknown command.
Casting: Animate Dead (dangerous; 4% risk of failure)
Confirm with . or Enter, or press ? or * to list all spells.
Aiming: Vampiric Draining (safe; 1% risk of failure)
Press: ? - help, Shift-Dir - straight line, f/p - Nergalle
Aim: Nergalle, wielding a +2 dagger of venom and wearing a +0 robe (almost dead, extremely poisoned)
You draw life force from Nergalle!
You kill Nergalle!
The spectral orc warrior disappears in a puff of smoke!
The spectral orc knight disappears in a puff of smoke!
The spectral orc disappears in a puff of smoke!
You feel life coursing into your body.
The dead are walking!
You feel very sick. The ice devil hits you. The ice devil freezes you!!
* * * LOW HITPOINT WARNING * * *
Urug is engulfed in dark miasma.
Urug is poisoned.
Urug seems to slow down.
Urug zaps a wand.
You resist with almost no effort. The hellwing closely misses you. x2
Unknown command.
Casting: Vampiric Draining (safe; 1% risk of failure)
Confirm with . or Enter, or press ? or * to list all spells.
Aiming: Vampiric Draining (safe; 1% risk of failure)
Press: ? - help, Shift-Dir - straight line, f - Urug
Aim: Urug, wielding a +3 double sword of protection, wearing a +0 scale mail, quivering javelins and carrying a wand of paralysis (foul pestilence, poisoned, slow)
Okay, then.
Okay, then.
You feel better.
Urug is no longer moving slowly.
The kobold demonologist hits you but does no damage.
The hellwing hits you!
* * * LOW HITPOINT WARNING * * *
The hellwing misses you. The ice devil hits you!
* * * LOW HITPOINT WARNING * * *
The ice devil freezes you!!
You die...

########## #........####
#..#.#.#.{ZZ#
#......###Z.# # #..#.#.#
#..# #. #......# #..#
###..####..#######..####
......o4.§...........Z..
......4@.§......>..<....
......K..########.......
........Z# #.......
.........# #.......
.........# ...........
.......... .#.#.#.....
.......... ............
.............####..#
#.#.#.#.....
...#.#.#.....#
#...........


You could see Urug (poisoned), a hellwing (summoned), an ice devil (summoned,
ally target), a kobold demonologist and the friendly Nergalle the orc zombie.

Vanquished Creatures
  Fannar (D:10)
  A two-headed ogre (D:9)
  Nergalle (D:10)
  Pikel (D:4)
  A troll (D:6)
  A hornet (D:8)
  Prince Ribbit (D:9)
  Sigmund (D:3)
  A wyvern (D:8)
  7 yaks
  2 steam dragons (D:6)
  2 water moccasins
  A sky beast (D:8)
  2 black bears (D:5)
  2 ogres
  3 phantoms
  4 centaurs
  Blork the orc (D:4)
  2 bullfrogs
  2 scorpions
  A wight (D:9)
  8 killer bees
  2 bombardier beetles
  2 jellies
  2 orc priests
  A gnoll bouda (D:6)
  5 hounds
  Jessica (D:3)
  Ijyb (D:4)
  2 iguanas (D:5)
  Natasha (thrice) (D:3)
  3 orc wizards
  16 gnolls
  8 adders
  A shadow imp (D:7)
  2 ribbon worms
  4 dart slugs
  23 orcs
  6 ball pythons
  6 bats
  8 endoplasms
  4 giant cockroaches
  6 hobgoblins
  2 kobolds
  7 quokkas
  A frilled lizard (D:3)
  5 rats
167 creatures vanquished.

Vanquished Creatures (collateral kills)
  A two-headed ogre (D:8)
  A wyvern (D:10)
  2 yaks
  A water moccasin (D:8)
  A centaur (D:8)
  A gnoll bouda (D:8)
  2 gnolls (D:8)
  3 orcs
12 creatures vanquished.

Vanquished Creatures (others)
  2 yak zombies
  A centaur zombie (D:8)
  A goblin (D:4)
  2 gnoll zombies (D:6)
  An orc zombie (D:6)
7 creatures vanquished.

Grand Total: 186 creatures vanquished

Notes
Turn   | Place    | Note
-------+----------+-------------------------------------------
     0 | D:1      | spaghetti the Demonspawn Necromancer began the quest for
                  | the Orb.
     0 | D:1      | Reached XP level 1. HP: 13/13 MP: 3/3
   492 | D:1      | Found a faded altar of an unknown god.
   757 | D:1      | Gained mutation: You may rarely emit foul miasma when
                  | damaged in melee. [demonic ancestry]
   757 | D:1      | Reached XP level 2. HP: 8/19 MP: 0/5
  2177 | D:3      | Found Qag Tiec's Weapon Shoppe.
  2185 | D:3      | Reached skill level 5 in Necromancy
  2185 | D:3      | Gained mutation: You are surrounded by a mild repulsion
                  | field. (EV +2) [demonic ancestry]
  2185 | D:3      | Reached XP level 3. HP: 18/24 MP: 5/7
  2443 | D:3      | Noticed Natasha
  2449 | D:3      | Killed Natasha
  2450 | D:3      | Gained mutation: You sometimes emit foul miasma when
                  | damaged in melee. [demonic ancestry]
  2450 | D:3      | Reached XP level 4. HP: 23/30 MP: 8/8
  2506 | D:3      | Noticed Natasha
  2518 | D:3      | Killed Natasha
  2523 | D:3      | Learned a level 3 spell: Vampiric Draining
  2749 | D:3      | Noticed Sigmund
  2753 | D:3      | Noticed Jessica
  2758 | D:3      | Killed Sigmund
  2759 | D:3      | Gained mutation: You have a pair of small antennae on your
                  | head. [demonic ancestry]
  2759 | D:3      | Reached XP level 5. HP: 16/35 MP: 1/11
  2759 | D:3      | Reached XP level 6. HP: 19/41 MP: 1/12
  2764 | D:3      | Killed Jessica
  2856 | D:3      | Noticed Natasha
  2866 | D:3      | Killed Natasha
  3024 | D:3      | Found an ornate altar of the Wu Jian Council.
  3486 | D:4      | Noticed Pikel
  3492 | D:4      | HP: 2/41 [Pikel/+2 whip of electrocution (11)]
  3493 | D:4      | Killed Pikel
  3494 | D:4      | Reached skill level 5 in Spellcasting
  3494 | D:4      | Reached XP level 7. HP: 9/46 MP: 4/15
  3640 | D:4      | Learned a level 4 spell: Animate Dead
  3643 | D:4      | Learned a level 2 spell: Blink
  3669 | D:4      | Reached skill level 1 in Fighting
  3794 | D:4      | You fall into a shaft and drop 1 floor!
  3794 | D:5      | Entered Level 5 of the Dungeon
  3949 | D:5      | Identified a scroll of acquirement
  3949 | D:5      | Acquired 967 gold pieces
  3958 | D:5      | Identified the +5 ring mail of the Blue Skies {+Blink +Inv
                  | rElec Will+}
  4068 | D:4      | Noticed Grinder
  4077 | D:4      | Gained mutation: Potions are less effective at restoring
                  | your health. [potion of mutation]
  4077 | D:4      | Gained mutation: You passively dampen the noise of your
                  | surroundings. [potion of mutation]
  4078 | D:4      | Lost mutation: Potions are less effective at restoring your
                  | health. [potion of mutation]
  4078 | D:4      | Lost mutation: You passively dampen the noise of your
                  | surroundings. [potion of mutation]
  4078 | D:4      | Gained mutation: Your spells are a little harder to cast,
                  | but a little more powerful. [potion of mutation]
  4084 | D:4      | Lost mutation: Your spells are a little harder to cast, but
                  | a little more powerful. [potion of mutation]
  4084 | D:4      | Gained mutation: You have hidden genetic defects. [potion
                  | of mutation]
  4096 | D:4      | Reached skill level 2 in Fighting
  4098 | D:4      | Reached skill level 1 in Armour
  4427 | D:4      | Noticed Ijyb
  4447 | D:4      | Killed Ijyb
  4448 | D:4      | Gained mutation: You frequently emit foul miasma when
                  | damaged in melee. [demonic ancestry]
  4448 | D:4      | Reached XP level 8. HP: 46/56 MP: 14/17
  4509 | D:4      | Gained mutation: Armour fits poorly on your strangely
                  | shaped body. [hidden defects]
  4520 | D:4      | Reached skill level 3 in Fighting
  4669 | D:4      | Noticed Blork the orc
  4681 | D:4      | Killed Blork the orc
  4694 | D:4      | Gained mutation: You are weak. (Str -2) [hidden defects]
  4694 | D:4      | Lost mutation: You have hidden genetic defects. [hidden
                  | defects expressed]
  4992 | D:4      | Reached skill level 4 in Fighting
  5500 | D:5      | Reached skill level 5 in Fighting
  6043 | D:5      | Gained mutation: You have a pair of antennae on your head.
                  | [demonic ancestry]
  6043 | D:5      | Reached XP level 9. HP: 41/68 MP: 18/18
  6555 | D:6      | Reached skill level 5 in Armour
  6815 | D:6      | Noticed a troll
  6824 | D:6      | Killed a troll
  6825 | D:6      | Reached skill level 6 in Fighting
  7393 | D:6      | Reached skill level 7 in Fighting
  8376 | D:7      | Found a staircase to the Ecumenical Temple.
  8678 | D:8      | Reached skill level 8 in Fighting
  8685 | D:8      | Gained mutation: You are surrounded by a moderate repulsion
                  | field. (EV +3) [demonic ancestry]
  8685 | D:8      | Reached XP level 10. HP: 23/80 MP: 2/19
  9080 | D:8      | Found a broken altar of Ashenzari.
  9129 | D:8      | Noticed a two-headed ogre
  9141 | D:8      | Killed a two-headed ogre
  9142 | D:8      | Reached skill level 9 in Fighting
  9664 | D:9      | Found a staircase to the Orcish Mines.
  9719 | D:9      | Noticed a two-headed ogre
  9729 | D:9      | Killed a two-headed ogre
  9795 | Orc:1    | Entered Level 1 of the Orcish Mines
 10065 | D:9      | Noticed Prince Ribbit
 10073 | D:9      | Killed Prince Ribbit
 10173 | D:9      | Reached skill level 10 in Fighting
 10304 | D:10     | Entered Level 10 of the Dungeon
 10424 | D:10     | Noticed Fannar
 10441 | D:10     | Killed Fannar
 10454 | D:10     | Reached XP level 11. HP: 13/92 MP: 3/20
 11005 | D:10     | Noticed Nergalle
 11012 | D:10     | Noticed Urug
 11021 | D:10     | Killed Nergalle
 11022 | D:10     | HP: 2/92 [ice devil[a kobold demonologist] (8)]
 11022 | D:10     | Demolished by an ice devil

Illustrated notes

Levels and vault maps discovered:
D:1:      saegor_arrival_simple_e, layout_basic,
          shapermc_ecumenical_altar_totnotflames
D:2:      layout_loops_corners
D:3:      layout_loops_corners, lemuel_coloured_pillars_altar, serial_shops,
          shop, minmay_bisected, uniq_sigmund, uniq_jessica, uniq_natasha
D:4:      layout_rooms, minmay_manual_mares, uniq_grinder, uniq_ijyb,
          uniq_blork_the_orc, uniq_pikel
D:5:      layout_loops_corners
D:6:      kennysheep_steamy, layout_basic, hangedman_decor_growths
D:7:      layout_loops_cross, minmay_temple_entry_overgrown, wad_floor_pattern_2
D:8:      layout_cave_pools, mainiacjoe_overflow_alcove_1, minmay_between
D:9:      layout_basic, nicolae_gozag_cash_rules_everything_around_me,
          due_lair_maze_entry_diamond, orc_0_dummy, minmay_misc_feat_roman,
          uniq_maurice, uniq_prince_ribbit1
D:10:     layout_small_grid, hangedman_ru_absence,
          nicolae_elyvilon_peaceful_grove, serial_glass, glass_columns_a,
          glass_columns_b, glass_columns_c, glass_columns_b, glass_columns_a,
          glass_columns_b, glass_columns_a, glass_columns_a, glass_columns_a,
          glass_columns_a, serial_shops, nicolae_shop_crystal,
          kennysheep_minor_cross, chequers_serial_rivers_small_a,
          minmay_misc_feat_tower, uniq_nergalle, uniq_josephine, uniq_urug,
          uniq_fannar
Orc:1:    layout_caves, nicolae_shop_gadgets

Skill      XL: |  1  2  3  4  5  6  7  8  9 10 |
---------------+-------------------------------+-----
Necromancy     | 5 6 7 8 |  8.1
Spellcasting   | 3 4 5 6 |  6.0
Fighting       | 2 5 8 10 | 10.6
Armour         | 1 4 7 9 |  9.6
Dodging        | |  1.7
Stealth        | |  1.7

Action                     |  1- 3 |  4- 6 |  7- 9 | 10-12 || total
---------------------------+-------+-------+-------+-------++-------
  Melee: Unarmed           |    76 |    38 |    54 |       ||   168
         Punch             |       |     1 |     3 |     3 ||     7
         Whip              |       |       |   350 |    96 ||   446
         Dagger            |       |       |       |    17 ||    17
   Cast: Necrotise         |    58 |    27 |   116 |    36 ||   237
         Vampiric Draining |       |     7 |    64 |    13 ||    84
         Animate Dead      |       |       |     4 |     3 ||     7
  Evoke: Wand              |       |       |     5 |     2 ||     7
    Use: Potion            |     1 |     2 |     8 |     1 ||    12
         Scroll            |       |       |     8 |     5 ||    13
   Stab: Sleeping          |       |     1 |       |       ||     1
         Distracted        |       |       |     1 |     1 ||     2
 Armour: Robe              |    40 |    29 |    27 |       ||    96
         Ring mail         |       |       |   386 |   128 ||   514
  Dodge: Dodged            |    61 |    32 |   355 |   114 ||   562
